 Dungeon Crawl Stone Soup version 0.26.0-20-g3ca415f5b8 (webtiles) character file.

Game seed: 637254191883680491

54 EnegeticOcto the Chiller (level 3, 6/27 HPs)
             Began as a Palentonga Ice Elementalist on Jan 24, 2021.
             Was an Initiate of Gozag.
             Quit the game on level 1 of the Dungeon.
             The game lasted 00:02:05 (1123 turns).

EnegeticOcto the Chiller (PaIE)                     Turns: 1123, Time: 00:02:06

Health: 6/27       AC:  4    Str: 12    XL:     3   Next: 66%
Magic:  0/6        EV: 10    Int: 15    God:    Gozag
Gold:   60         SH:  0    Dex: 10    Spells: 2/6 levels left

rFire    . . .     SeeInvis +   (no weapon)
rCold    . . .     Faith    .   (no shield)
rNeg     . . .     Spirit   .   a - +0 robe
rPois    .         Reflect  .   (no helmet)
rElec    .         Harm     .   (no cloak)
rCorr    .         Rampage  .   (no gloves)
Will     .....                  (no barding)
Stlth    +.........             (no amulet)
HPRegen  0.09/turn              (no ring)
MPRegen  0.10/turn              (no ring)

@: lethally poisoned (6 -> 0)
A: large, rugged brown scales 3, see invisible, deformed body, roll 1, armoured
tail
a: Rolling Charge, Renounce Religion, Potion Petition, Call Merchant, Bribe
Branch


You were on level 1 of the Dungeon.
You worshipped Gozag.
Gozag was noncommittal.
You visited 1 branch of the dungeon, and saw 2 of its levels.

You collected 89 gold pieces.
You paid 29 gold pieces to Gozag.

Inventory:

Armour
 a - a +0 robe (worn)
Scrolls
 b - a scroll of fog {unknown}
 c - a scroll of immolation {unknown}
 e - a scroll of blinking {unknown}
Potions
 d - a potion of haste {@q4 !q}
 f - 2 potions of attraction


   Skills:
 - Level 1.5 Dodging
 - Level 1.2 Stealth
 - Level 2.0 Spellcasting
 + Level 4.4 Ice Magic


You had 2 spell levels left.
You knew the following spells:

 Your Spells              Type           Power        Failure   Level
a - Freeze                Ice            56%          3%          1
b - Frozen Ramparts       Ice            28%          11%         3

Your spell library contained the following spells:

 Spells                   Type           Power        Failure   Level
 Ozocubu's Armour         Ice            14%          11%         3
 Hailstorm                Conj/Ice       8%           65%         4
 Summon Ice Beast         Ice/Summ       8%           65%         4


Dungeon Overview and Level Annotations

Branches:
Dungeon (2/15)

Altars:
Gozag


Innate Abilities, Weirdness & Mutations

You are completely covered in rugged brown scales. (AC +3, +7% HP)
You have supernaturally acute eyesight. (SInv)
Armour fits poorly on your strangely shaped body.
You can roll at nearby foes to attack.
You have a long armoured tail.


Message History

The goblin misses you. The goblin hits you with a +0 club.
The leopard gecko closely misses you.
Casting: Frozen Ramparts (quite dangerous; 12% risk of failure)
Confirm with . or Enter, or press ? or * to list all spells.
The spell is quite dangerous to cast (12% risk of failure)!
Continue anyway?
Casting: Frozen Ramparts (quite dangerous; 12% risk of failure)
Press: ? - help, Dir - look around, f - activate The walls around you are covered in ice.
The wall freezes the goblin.
The goblin hits you with a +0 dagger.
The wall freezes the goblin.
The wall freezes the hobgoblin.
The wall freezes the goblin.
You kill the goblin!
The wall freezes the leopard gecko.
The leopard gecko closely misses you.
The wall freezes the goblin.
The goblin barely misses you.
You hit the goblin but do no damage.
The goblin is heavily wounded.
The wall freezes the goblin.
You kill the goblin!
The wall freezes the goblin.
Robin throws the goblin at you!
The wall freezes the hobgoblin.
You kill the hobgoblin!
The wall freezes the leopard gecko.
The leopard gecko seems to slow down.
The leopard gecko bites you.
The wall freezes the goblin.
You kill the goblin!
You closely miss the goblin. You tail-slap the goblin.
The goblin is moderately wounded.
The wall freezes the goblin.
You kill the goblin!
The hobgoblin becomes distracted by the nearby gold, dreaming of imaginary riches.
The wall freezes the goblin.
You kill the goblin!
The wall freezes the leopard gecko.
You kill the leopard gecko!
A goblin comes into view. It is wielding a +0 dagger.
The wall freezes Robin.
The hobgoblin is no longer distracted by gold.
An adder comes into view.
The wall freezes Robin.
The goblin becomes distracted by the nearby gold, dreaming of imaginary riches.
The wall freezes the hobgoblin.
The wall freezes Robin.
Robin barely misses you.
The goblin is no longer distracted by gold.
The wall freezes the hobgoblin.
The wall freezes Robin.
Robin hits you with a +0 mace.
The adder hisses angrily.
The wall freezes the goblin.
The wall freezes the hobgoblin.
You kill the hobgoblin!
The wall freezes Robin.
Robin hits you with a +0 mace.
Your magical contamination has completely faded away.
You hit Robin but do no damage.
Your tail-slap misses Robin.
Robin is almost dead.
The frozen ramparts melt away.
Casting: Frozen Ramparts (quite dangerous; 11% risk of failure)
Confirm with . or Enter, or press ? or * to list all spells.
Aiming: Freeze (safe; 3% risk of failure)
Press: ? - help, Shift-Dir - straight line, f - Robin
Aim: Robin, wielding a +0 mace, wearing a +0 animal skin and wearing a +0 helmet (almost dead)
You freeze Robin.
You kill Robin!
The goblin hits you but does no damage.
A goblin comes into view.
The adder barely misses you. The adder closely misses you.
The goblin no longer looks unusually strong.
There is a stone staircase leading up here.
The adder bites you but does no damage.
You climb upwards.
There is a stone staircase leading down here.
Casting: Freeze (safe; 3% risk of failure)
Confirm with . or Enter, or press ? or * to list all spells.
Aiming: Freeze (safe; 3% risk of failure)
Press: ? - help, Shift-Dir - straight line, f - adder
Aim: an adder You miscast Freeze.
You are very lightly contaminated with residual magic.
Nothing appears to happen.
The adder barely misses you. The adder bites you but does no damage.
The adder bites you but does no damage.
Your magical contamination has completely faded away.
The adder bites you.
You are poisoned.
The adder poisons you!
You feel sick.
Casting: Freeze (safe; 3% risk of failure)
Confirm with . or Enter, or press ? or * to list all spells.
Aiming: Freeze (safe; 3% risk of failure)
Press: ? - help, Shift-Dir - straight line, f/p - adder
Aim: an adder You freeze the adder!
The adder is severely wounded.
The adder bites you.
* * * LOW HITPOINT WARNING * * *
You are lethally poisoned!
The adder poisons you!
* * * LOW HITPOINT WARNING * * *
You feel sick. The adder completely misses you.
* * * LOW HITPOINT WARNING * * *
You feel sick.
Okay, then.
Are you sure you want to abandon this character and quit the game? (Confirm with "yes".)

#...............###....
#......................
#...................... #######
#...............###.... ......#
#...............#...... ......#
##.............##.#....
......#######.....#.............#
.................S......'######..
......#######...@#####..#.....##.
.)....# #....# ##.#.(...#.#
##...###### #....######.#.†...#..
..........###.......>...#...).#..
##).....................#.....#..
...#...##...............#######..
##.......................#.....#.
..........................#.....#
.......#...................######


You could see an adder.

Vanquished Creatures
  Robin (D:2)
  6 leopard geckos
  4 bats (D:1)
  2 giant cockroaches
  8 goblins
  6 hobgoblins
  3 kobolds
  5 rats (D:1)
35 creatures vanquished.

Notes
Turn   | Place    | Note
-------+----------+-------------------------------------------
     0 | D:1      | EnegeticOcto the Palentonga Ice Elementalist began the
                  | quest for the Orb.
     0 | D:1      | Reached XP level 1. HP: 14/14 MP: 3/3
   170 | D:1      | Reached XP level 2. HP: 21/21 MP: 0/5
   522 | D:1      | Reached skill level 4 in Ice Magic
   671 | D:1      | Reached XP level 3. HP: 23/27 MP: 2/6
   922 | D:2      | Found an opulent altar of Gozag.
   945 | D:2      | Became a worshipper of Gozag Ym Sagoz the Greedy
  1078 | D:1      | Learned a level 3 spell: Frozen Ramparts
  1087 | D:2      | Noticed Robin
  1100 | D:2      | Killed Robin
  1123 | D:1      | Quit the game

Illustrated notes

Levels and vault maps discovered:
D:1:      dpeg_arrival_arbitrary_c, layout_rooms, minivault_4, minmay_3d_cube
D:2:      minmay_inner_zag, layout_rooms, overflow_temple_1_default, uniq_robin

Skill      XL: |  1  2 |
---------------+-------+-----
Ice Magic      | 4 |  4.4
Dodging        | |  1.5
Stealth        | |  1.2
Spellcasting   | |  2.0

Action                   || total
-------------------------++-------
Melee: Unarmed           ||    24
       Tailslap          ||     2
 Cast: Freeze            ||    36
       Frozen Ramparts   ||     1
  Use: Scroll            ||     2
Armor: Robe              ||    19
Dodge: Dodged            ||    45
